 Dungeon Crawl Stone Soup version 0.27-a0-385-g3208abaabc (webtiles) character file.

Game seed: 15795025040619845227

42 dickylongcocking the Grave Robber (level 3, -1/27 (28) HPs)
             Began as a Deep Dwarf Necromancer on Feb 20, 2021.
             Slain by a worm (7 damage)
             ... on level 2 of the Dungeon.
             The game lasted 00:01:45 (1398 turns).

dickylongcocking the Grave Robber (DDNe)            Turns: 1398, Time: 00:01:46

HP:   -1/27 (28)    AC:  7    Str: 11    XL:     3   Next: 35%
MP:   2/5           EV: 11    Int: 16    God:
Gold: 107           SH:  0    Dex: 13    Spells: 1/5 levels left

rFire    . . .     SeeInvis .   k - +2 dagger (speed)
rCold    . . .     Faith    .   (no shield)
rNeg     . . .     Spirit   .   e - +0 ring mail
rPois    .         Reflect  .   (no helmet)
rElec    .         Harm     .   (no cloak)
rCorr    .         Rampage  .   m - +1 pair of gloves
Will     .....                  (no boots)
Stlth    +.........             (no amulet)
HPRegen  0.00/turn              (no ring)
MPRegen  0.09/turn              (no ring)

@: very slightly contaminated, non-regenerating, lightly drained
A: damage resistance, heal wounds, sense surroundings 1, no regeneration
a: Heal Wounds


You were on level 2 of the Dungeon.
You visited 1 branch of the dungeon, and saw 2 of its levels.

You collected 107 gold pieces.

Inventory:

Hand Weapons
 c - a +0 spear
 j - a +0 hand axe
 k - a +2 dagger of speed (weapon)
Armour
 a - a +0 robe
 e - a +0 ring mail (worn)
 m - a +1 pair of gloves (worn)
Scrolls
 b - 2 scrolls of fear {unknown}
 f - a scroll of immolation {unknown}
 i - 2 scrolls of fog {unknown}
Potions
 d - a potion of heal wounds {unknown}
 g - 2 potions of curing {unknown}
 h - a potion of berserk rage {unknown}
 l - a potion of degeneration {unknown}
 n - a potion of magic {unknown}


   Skills:
 * Level 1.0 Axes
 * Level 1.3 Armour
 - Level 2.1 Dodging
 - Level 2.4 Stealth
 - Level 1.7 Spellcasting
 * Level 5.2 Necromancy


You had one spell level left.
You knew the following spells:

 Your Spells              Type           Power        Failure   Level
a - Pain                  Necr           72%          6%          1
x - Vampiric Draining     Necr           9%           17%         3

Your spell library contained the following spells:

 Spells                   Type           Power        Failure   Level
 Animate Skeleton         Necr           36%          6%          1
 Animate Dead             Necr           9%           50%         4
 Agony                    Necr           18%          85%         5


Dungeon Overview and Level Annotations

Branches:
Dungeon (2/15)

Altars:
Ashenzari
Ru
Xom

Annotations:
D:2 1 runed translucent door, Crazy Yiuf


Innate Abilities, Weirdness & Mutations

You are resistant to damage.
You can heal yourself by infusing magical energy.
You passively map a small area around you.
You do not regenerate.


Message History

Aim: a giant cockroach You miscast Vampiric Draining.
You are very lightly contaminated with residual magic.
Nothing appears to happen.
The giant cockroach barely misses you.
A giant cockroach is nearby!
A giant cockroach is nearby!
Casting: Vampiric Draining (quite dangerous; 17% risk of failure)
Confirm with . or Enter, or press ? or * to list all spells.
Aiming: Pain (safe; 6% risk of failure)
Press: ? - help, Shift-Dir - straight line, f/p - giant cockroach
Aim: a giant cockroach (chance to affect: 89%)
The giant cockroach writhes in agony!
You kill the giant cockroach!
Unknown command.
You see here a giant cockroach corpse.
Your magical contamination has completely faded away.
You now have 107 gold pieces (gained 2).
You see here a giant cockroach corpse.
Found two maces and two glowing maces.
Found a runed translucent door.
Crazy Yiuf shouts!
Found two maces.
You see here a mace.
Crazy Yiuf yells, "Mugger Xom Orb Guardian!"
There is a stone staircase leading down here.
A worm comes into view.
Found two shimmering altars of Xom.
A worm is nearby!
The worm bites you but does no damage.
Casting: Pain (safe; 6% risk of failure)
Confirm with . or Enter, or press ? or * to list all spells.
The spell is quite dangerous to cast (17% risk of failure)!
Continue anyway?
Aiming: Vampiric Draining (quite dangerous; 17% risk of failure)
Press: ? - help, Shift-Dir - straight line, f - worm
Aim: a worm You miscast Vampiric Draining.
You are very lightly contaminated with residual magic.
Your flesh rots away!
You feel drained.
* * * LOW HITPOINT WARNING * * *
The worm bites you!
You die...

......# #<.##.#* ,
..###.###.###.# #
..............###.#
.#................#
<..........##..####
.÷.........##..###
.................#
...............#####
................@w.#
.#........###⌠##.#.#
..........##.^.### #
.........##≈#≈ **
.........#.≈≈#,*≈* *
.........#≈♣.^
.........⌠._≈_
#........#≈# *
##.......#≈.


You could see a worm.

Vanquished Creatures
  An ooze (D:1)
  2 dart slugs (D:1)
  4 bats
  2 giant cockroaches (D:2)
  3 goblins
  6 hobgoblins
  6 kobolds
  A ball python (D:2)
  3 frilled lizards (D:1)
  5 rats
33 creatures vanquished.

Notes
Turn   | Place    | Note
-------+----------+-------------------------------------------
     0 | D:1      | dickylongcocking the Deep Dwarf Necromancer began the quest
                  | for the Orb.
     0 | D:1      | Reached XP level 1. HP: 15/15 MP: 3/3
    64 | D:2      | Found a broken altar of Ashenzari.
   149 | D:2      | Reached XP level 2. HP: 19/22 MP: 1/4
   205 | D:1      | Reached skill level 5 in Necromancy
   733 | D:1      | Reached skill level 1 in Armour
   819 | D:1      | Reached XP level 3. HP: 22/28 MP: 5/5
   877 | D:1      | Learned a level 3 spell: Vampiric Draining
   920 | D:1      | Reached skill level 1 in Axes
  1151 | D:2      | Found a sacrificial altar of Ru.
  1345 | D:2      | Found a runed translucent door.
  1346 | D:2      | Noticed Crazy Yiuf
  1395 | D:2      | Found a shimmering altar of Xom.
  1395 | D:2      | Found a shimmering altar of Xom.
  1398 | D:2      | Slain by a worm

Illustrated notes

Levels and vault maps discovered:
D:1:      tarquinn_simple_flora_water_c, layout_rooms, serial_rivers,
          chequers_serial_rivers_room_b, chequers_serial_rivers_small_b,
          chequers_serial_rivers_small_a, chequers_serial_rivers_large_b,
          chequers_serial_rivers_marsh, minmay_tromino_v4_a
D:2:      layout_rooms, ashenzari_altar_1, xom_redecorated,
          nicolae_ru_the_path_less_chosen, uniq_crazy_yiuf_cottage

Skill      XL: |  1  2  3 |
---------------+----------+-----
Necromancy     | 5 |  5.2
Armour         | 1 |  1.3
Axes           | 1 |  1.0
Dodging        | |  2.1
Stealth        | |  2.4
Spellcasting   | |  1.7

Action                   || total
-------------------------++-------
Melee: Spear             ||    16
       Hand axe          ||    18
       Dagger            ||    18
 Cast: Pain              ||    32
       Vampiric Draining ||     2
 Stab: Sleeping          ||     1
Armor: Robe              ||     7
       Ring mail         ||    18
Dodge: Dodged            ||    49

Table legend: (Time is in decaauts)
 A = Elapsed time spent in this place.
 B = Non-inter-level travel time spent in this place.
 C = Inter-level travel time spent in this place.
 D = Time resting spent in this place.
 E = Time spent auto-exploring this place.
 F = Levels seen in this place.
 G = Mean time per level.
                   A        B        C        D        E       F      G
               +--------+--------+--------+--------+--------+-----+--------+
         Total |   1453 |   1402 |     51 |     76 |   1052 |   2 |  726.5 |
       Dungeon |   1453 |   1402 |     51 |     76 |   1052 |   2 |  726.5 |
               +--------+--------+--------+--------+--------+-----+--------+

Top non-repeatable levels by time:
     D:1: 907 daAuts
     D:2: 546 daAuts
